 Dungeon Crawl Stone Soup version 0.26-a0-146-g24f6d3962c (webtiles) character file.

Game seed: 7175689059254788242

14 Flugslaktarn the Magician (level 2, 0/18 HPs)
             Began as an Octopode Wizard on June 29, 2020.
             Slain by a ball python (1 damage)
             ... on level 4 of the Dungeon.
             The game lasted 00:01:50 (354 turns).

Flugslaktarn the Magician (Octopode Wizard)          Turns: 354, Time: 00:01:50

Health: 0/18       AC:  1    Str:  6    XL:     2   Next: 41%
Magic:  6/6        EV: 10    Int: 20    God:
Gold:   30         SH:  0    Dex: 10    Spells: 6/7 levels left

rFire    . . .     SeeInvis .   i - +0 morningstar
rCold    . . .     Faith    .   (no shield)
rNeg     . . .     Spirit   .   a - +0 hat
rPois    .         Reflect  .   (no amulet)
rElec    .         Harm     .   (no ring)
rCorr    .                      (no ring)
MR       .....                  (no ring)
Stlth    +++.......             (no ring)
HPRegen  0.06/turn              (no ring)
MPRegen  0.10/turn              (no ring)
                                (no ring)
                                (no ring)

@: constricted
A: almost no armour, stealthy swim, amphibious, 8 rings, constrict 8, camouflage
1, gelatinous body 1
a: no special abilities


You were on level 4 of the Dungeon.
You were not hungry.

You visited 1 branch of the dungeon, and saw 4 of its levels.

You collected 30 gold pieces.

Inventory:

Hand Weapons
 f - a +0 whip
   (You took it off a kobold on level 1 of the Dungeon)
 i - a +0 morningstar (weapon)
   (You found it on level 4 of the Dungeon)
Missiles
 g - 12 poisoned darts (quivered)
Armour
 a - a +0 hat (worn)
Scrolls
 d - a scroll of immolation {unknown}
 e - a scroll of identify {unknown}
Potions
 b - a potion of might {unknown}
 h - 3 potions of curing {unknown}
Comestibles
 c - 4 rations


   Skills:
 + Level 1.1 Fighting
 * Level 2.2 Dodging
 - Level 2.6 Stealth
 - Level 1.0 Unarmed Combat
 - Level 3.0 Spellcasting
 + Level 1.1 Conjurations
   Level 1.0 Summonings
   Level 1.0 Translocations


You had 6 spell levels left.
You knew the following spells:

 Your Spells              Type           Power        Failure   Level  Hunger
a - Magic Dart            Conj           #...         9%          1    None

Your spell library contained the following spells:

 Spells                   Type           Power        Failure   Level  Hunger
 Blink                    Tloc           N/A          14%         2    ##.....
 Call Imp                 Summ           #.......     14%         2    ##.....
 Slow                     Hex            #.......     22%         2    ##.....
 Conjure Flame            Conj/Fire      #.......     34%         3    ###....
 Mephitic Cloud           Conj/Pois/Air  #.......     36%         3    ###....


Dungeon Overview and Level Annotations

Branches:
Dungeon (4/15)
 Temple: D:4-7

Altars:
Nemelex Xobeh


Innate Abilities, Weirdness & Mutations

You cannot wear most types of armour.
You are very stealthy in the water. (Stealth+)
You are amphibious.
You can wear up to eight rings at the same time.
You can use your tentacles to constrict eight enemies at once.
Your skin changes colour to match your surroundings (Stealth+).
Your rubbery body absorbs attacks. (AC +1, EV +1)


Message History

A goblin comes into view. It is wielding a +0 club.
Found 14 gold pieces.
Found an escape hatch in the ceiling.
Found a stone staircase leading down.
You now have 21 gold pieces (gained 14).
Found 9 gold pieces.
Found a stone staircase leading down.
There is a stone staircase leading down here.
You now have 30 gold pieces (gained 9).
There is a stone staircase leading down here.
You climb downwards.
Found a morningstar.
There is a stone staircase leading up here.
You open the door.
Found a stone staircase leading down.
You see here a morningstar.
i - a morningstar
i - a +0 morningstar (weapon)
There is an open door here.
You open the door.
There is an open door here.
A ball python comes into view.
You open the door.
Found 17 stones, a fizzy puce potion and a ration.
There is an open door here.
An adder skeleton comes into view.
Found a dyed leather armour.
You see here a fizzy puce potion.
h - 3 fizzy puce potions (gained 1)
You see here a ration.
c - 4 rations (gained 1)
The ball python hisses angrily.
Found a stone staircase leading down.
A leopard gecko comes into view.
An orc comes into view. It is wielding a +0 whip.
There is a stone staircase leading down here.
The orc shouts!
The orc misses you.
You completely miss the orc.
The leopard gecko hisses angrily.
Your grab misses the orc. The orc hits you with a +0 whip.
* * * LOW HITPOINT WARNING * * *
The leopard gecko bites you.
* * * LOW HITPOINT WARNING * * *
The orc misses you.
You puncture the leopard gecko!
You kill the leopard gecko!
The ball python misses you. The ball python grabs you.
* * * LOW HITPOINT WARNING * * *
The ball python constricts you. The ball python bites you.
* * * LOW HITPOINT WARNING * * *
You die...

......[......#
.............#
...
#..##..###..##
..# #
#####..###..###
..###..
#..........#
.....
#..........#
....
##........## ..#
######...###o.##
#.....S@†..#
#....>.....#
#..........#
########..## ..#
.... .....
..##.. ..


You could see an orc and a ball python.

Vanquished Creatures
  4 leopard geckos
  A goblin (D:2)
  A hobgoblin (D:1)
  A kobold (D:1)
  A leopard gecko skeleton (D:3)
  A rat (D:1)
9 creatures vanquished.

Notes
Turn   | Place    | Note
-------+----------+-------------------------------------------
     0 | D:1      | Flugslaktarn the Octopode Wizard began the quest for the
                  | Orb.
     0 | D:1      | Reached XP level 1. HP: 11/11 MP: 4/4
   108 | D:1      | You fall into a shaft and drop 1 floor!
   173 | D:2      | Found a sparkling altar of Nemelex Xobeh.
   224 | D:1      | Reached skill level 1 in Fighting
   224 | D:1      | Reached skill level 1 in Unarmed Combat
   224 | D:1      | Reached XP level 2. HP: 9/18 MP: 4/6
   354 | D:4      | Slain by a ball python

Illustrated notes

Levels and vault maps discovered:
D:1:      eino_arrival_cavern_a, layout_basic, st_stairs_9, minivault_4
D:2:      layout_rooms, overflow_temple_1_default
D:3:      layout_loops_ring, minitemple, nicolae_overflow_hidden_temple,
          grunt_ministairs_9, uniq_sigmund
D:4:      layout_gridville, first_ration

Skill      XL: |  1 |
---------------+----+-----
Fighting       | 1 |  1.1
Unarmed Combat | 1 |  1.0
Dodging        | |  2.2
Stealth        | |  2.6
Spellcasting   | |  3.0
Conjurations   | |  1.1
Summonings     | |  1.0
Translocations | |  1.0

Action                   || total
-------------------------++-------
Melee: Unarmed           ||     6
       Whip              ||    11
       Constrict         ||     4
       Tentacles         ||     2
       Morningstar       ||     2
 Cast: Magic Dart        ||     7
 Stab: Sleeping          ||     2
Dodge: Dodged            ||    12

Table legend:
 A = Non-vault XP
 B = Vault XP
 C = Vault XP percentage of total XP
 D = Non-vault monster count
 E = Vault monster count
 F = Vault count percentage of total count
                 A         B        C        D         E       F
            +---------+---------+-------+---------+---------+-------
      Total |      20 |       0 |   0.0 |       9 |       0 |   0.0
            +---------+---------+-------+---------+---------+-------
        D:1 |       8 |       0 |   0.0 |       4 |       0 |   0.0
        D:2 |       2 |       0 |   0.0 |       1 |       0 |   0.0
        D:3 |       7 |       0 |   0.0 |       3 |       0 |   0.0
        D:4 |       3 |       0 |   0.0 |       1 |       0 |   0.0
            +---------+---------+-------+---------+---------+-------
